 Dungeon Crawl Stone Soup version 0.31-a0-303-gdc8c9485ea (webtiles) character file.

Game seed: 5084443090036892055

175 Persephone the Changeling (level 5, -2/41 HPs)
             Began as a Merfolk Shapeshifter on July 16, 2023.
             Slain by an orc
             ... wielding a +0 falchion
              (3 damage)
             ... on level 3 of the Dungeon.
             The game lasted 00:06:45 (2400 turns).

Persephone the Changeling (Merfolk Shapeshifter)    Turns: 2400, Time: 00:06:45

Health: -2/41      AC:  5    Str: 15    XL:     5   Next: 55%
Magic:  5/5        EV: 12    Int:  7    God:
Gold:   153        SH:  0    Dex: 17    Spells: 4/4 levels left

rFire   . .          .
                       - Unarmed
rCold   . . .        (no shield)
rNeg    . . .        f - +0 ring mail
rPois   .            (helmet currently unavailable)
rElec   .            (cloak currently unavailable)
rCorr   .            (gloves currently unavailable)
SInv    .            (boots currently unavailable)
Will    .....        (no amulet)
Stlth   +            (no ring)
HPRegen 0.26/turn    (no ring)
MPRegen 0.09/turn

%: no passive effects
@: beast-form, attractive
A: beast (slay +3), (nimble swimmer 2), mertail
a: Begin Untransformation


You were on level 3 of the Dungeon.
You were a hulking beast.
You visited 1 branch of the dungeon, and saw 3 of its levels.

You collected 153 gold pieces.

Inventory:

Armour
 a - a +0 animal skin
 d - a +0 helmet
 f - a +0 ring mail (worn)
Jewellery
 e - a ring of flight
 l - a +4 ring of slaying
Talismans
 c - a beast talisman
Wands
 g - a wand of flame (2)
Scrolls
 h - a scroll of blinking
Potions
 b - a potion of lignification
 k - a potion of haste {unknown}


   Skills:
 - Level 3.3 Fighting
 - Level 4.1 Dodging
 - Level 3.4 Unarmed Combat
 + Level 5.3 Shapeshifting


You had 4 spell levels left.
You didn't know any spells.
Your spell library contained the following spells:

 Spells                   Type           Power      Damage    Failure   Level
 Portal Projectile        Hex/Tloc       0%         N/A       95%         3
 Tukima's Dance           Hex            0%         N/A       95%         3
 Iskenderun's Mystic Bla  Conj/Tloc      0%         2d3       100%        4


Dungeon Overview and Level Annotations

Branches:
Dungeon (3/15)

Altars:
Wu Jian


Innate Abilities, Weirdness & Mutations

You are a hulking beast.
Your limbs bulge with bestial killing power. (Slay +3)
((You are very nimble when in or above water. (Stealth+, EV+, Speed+++)))
Your lower body shifts to a powerful aquatic tail in water.


Message History

The orc wizard misses you.
You barely miss the orc wizard. The orc hits you with a +0 falchion.
The orc wizard hits you but does no damage.
You closely miss the orc wizard. Your punch misses the orc wizard.
The orc hits you with a +0 falchion.
The orc wizard hits you but does no damage.
You closely miss the orc wizard. The orc hits you with a +0 falchion.
The orc wizard casts a spell at you. The magic dart hits you.
* * * LOW HITPOINT WARNING * * *
You hit the orc wizard.
The orc wizard is moderately wounded.
The orc misses you.
The orc wizard hits you with a +0 dagger.
* * * LOW HITPOINT WARNING * * *
It was a potion of curing.
You feel better. The orc closely misses you.
The orc wizard hits you with a +0 dagger.
You closely miss the orc wizard.
The orc wizard is moderately wounded.
The orc hits you with a +0 falchion.
* * * LOW HITPOINT WARNING * * *
The orc wizard hits you with a +0 dagger.
* * * LOW HITPOINT WARNING * * *
You closely miss the orc wizard.
The orc wizard is moderately wounded.
The orc hits you with a +0 falchion.
* * * LOW HITPOINT WARNING * * *
The orc wizard hits you but does no damage.
You punch the orc wizard!
The orc wizard is almost dead.
The orc barely misses you.
The orc wizard points at you and mumbles some strange words.
The magic dart hits you!
* * * LOW HITPOINT WARNING * * *
The orc priest calls upon Beogh to heal the orc wizard.
The orc wizard is healed somewhat.
It was a potion of cancellation.
Your magical effects are unravelling.
You feel magically purged. The orc hits you with a +0 falchion.
You die...

#####.## #.####.....#
#......# #......#####
#......# #.#....#
#......# #.###### #####
#......# #.# ....#
#......# #.###
###.###......# #...#
.............###.###
.....#.####.##..h#
.....#.## #.##.#ool(....
........###.##.#oo..####
......)..##.## #..#.#
...^.....##.# #......
............# ........
##########..# #.... ..#
#..# #....!..# ##.##


You could see an orc priest, an orc wizard, 2 orcs and a frilled lizard.

Vanquished Creatures
  A hound (D:3)
  Jessica (D:2)
  5 gnolls (D:2)
  An adder (D:2)
  3 dart slugs (D:1)
  2 orcs (D:3)
  An endoplasm (D:2)
  2 giant cockroaches
  3 goblins
  6 hobgoblins
  10 jackals
  3 quokkas
  5 ball pythons
  6 bats
  2 frilled lizards
  2 kobolds (D:2)
  3 rats
56 creatures vanquished.

Notes
Turn   | Place    | Note
-------+----------+-------------------------------------------
     0 | D:1      | Persephone the Merfolk Shapeshifter began the quest for the
                  | Orb.
     0 | D:1      | Reached XP level 1. HP: 16/16 MP: 1/1
   200 | D:1      | Reached XP level 2. HP: 16/23 MP: 2/2
   647 | D:1      | Reached XP level 3. HP: 25/28 MP: 3/3
  1277 | D:2      | Reached XP level 4. HP: 34/34 MP: 4/4
  1740 | D:2      | Noticed Jessica
  1750 | D:2      | Killed Jessica
  1751 | D:2      | Reached XP level 5. HP: 25/41 MP: 5/5
  2263 | D:3      | Found an ornate altar of the Wu Jian Council.
  2283 | D:3      | Reached skill level 5 in Shapeshifting
  2399 | D:3      | HP: 1/41 [orc wizard/magic dart (8)]
  2400 | D:3      | Slain by an orc

Illustrated notes

Levels and vault maps discovered:
D:1:      evilmike_arrival_hilbert_curve, layout_loops_ring,
          minmay_stone_trees_small
D:2:      layout_loops_corners, minmay_close_crescents, uniq_jessica
D:3:      layout_basic, nicolae_overflow_crystal_walls

Skill      XL: |  1  2  3  4  5 |
---------------+----------------+-----
Dodging        | 3 4 |  4.1
Unarmed Combat | 3 |  3.4
Fighting       | 3 |  3.3
Shapeshifting  | 5 |  5.3

Action                     |  1- 3 |  4- 6 || total
---------------------------+-------+-------++-------
  Melee: Unarmed           |   115 |    86 ||   201
         Punch             |     4 |     2 ||     6
    Use: Potion            |       |     3 ||     3
         Scroll            |       |     2 ||     2
 Armour: Animal skin       |     8 |       ||     8
         Ring mail         |    39 |    27 ||    66
  Dodge: Dodged            |   107 |    48 ||   155
         Form:             |     1 |       ||     1
         Beast             |     1 |       ||     1

Table legend: (Time is in decaauts)
 A = Elapsed time spent in this place.
 B = Non-inter-level travel time spent in this place.
 C = Inter-level travel time spent in this place.
 D = Time resting spent in this place.
 E = Time spent auto-exploring this place.
 F = Levels seen in this place.
 G = Mean time per level.
                   A        B        C        D        E       F      G
               +--------+--------+--------+--------+--------+-----+--------+
         Total |   2393 |   2314 |     79 |      0 |   1905 |   3 |  797.7 |
       Dungeon |   2393 |   2314 |     79 |      0 |   1905 |   3 |  797.7 |
               +--------+--------+--------+--------+--------+-----+--------+

Top non-repeatable levels by time:
     D:2: 1146 daAuts
     D:1: 907 daAuts
     D:3: 339 daAuts
